 Dungeon Crawl Stone Soup version 0.25-a0-591-g2ad0d86 (webtiles) character file.

Game seed: 2007440928327750320, levelgen mode: deterministic

15093 MrTaco21 the Blocker (level 12, -6/65 HPs)
             Began as a Gargoyle Fighter on Mar 13, 2020.
             Was an Initiate of Gozag.
             Splashed by a tengu conjurer's acid (8 damage)
             ... led by a tengu warrior
             ... on level 11 of the Dungeon.
             The game lasted 00:35:40 (11501 turns).

MrTaco21 the Blocker (Gargoyle Fighter)            Turns: 11501, Time: 00:35:40

Health: -6/65      AC: 15    Str: 25    XL:     12   Next: 23%
Magic:  12/12      EV:  6    Int:  9    God:    Gozag
Gold:   2770       SH: 16    Dex:  9    Spells: 11/11 levels left

rFire    . . .     SeeInvis +   Q - +7 flail (holy)
rCold    . . .     Gourm    .   k - +0 kite shield
rNeg     + . .     Faith    .   L - +0 plate armour
rPois    ∞         Spirit   .   b - +2 helmet
rElec    +         Reflect  +   a - +0 cloak
rCorr    .         Harm     .   E - +2 pair of gloves {archery}
MR       .....                  (no boots)
Stlth    ..........             I - +3 amulet of reflection
HPRegen  0.20/turn              s - +6 ring of slaying
MPRegen  0.13/turn              z - ring of see invisible

@: corroded, gold aura
A: negative energy resistance 1, electricity resistance, unbreathing,
petrification resistance, rot immunity, AC +8
a: Potion Petition, Call Merchant, Bribe Branch, Renounce Religion


You were on level 11 of the Dungeon.
You worshipped Gozag.
Gozag was most pleased with you.
You were not hungry.

You visited 2 branches of the dungeon, and saw 12 of its levels.
You also visited: Ossuary.

You collected 3102 gold pieces.
You spent 285 gold pieces at shops.
You paid 47 gold pieces to Gozag.

Inventory:

Hand Weapons
 Q - a +7 flail of holy wrath (weapon)
   (You took it off Terence on level 2 of the Dungeon)
Missiles
 K - 2 throwing nets (quivered) {!f}
Armour
 a - a +0 cloak (worn)
   (You took it off Crazy Yiuf on level 2 of the Dungeon)
 b - a +2 helmet (worn)
   (You took it off Robin on level 2 of the Dungeon)
 k - a +0 kite shield (worn)
 y - a +0 chain mail
   (You took it off Terence on level 2 of the Dungeon)
 E - a +2 pair of gloves of archery (worn)
   (You found it on level 9 of the Dungeon)
 L - a +0 plate armour (worn)
   (You took it off an orc warrior on level 6 of the Dungeon)
Jewellery
 s - a +6 ring of slaying (left hand)
   (You found it on level 2 of the Dungeon)
 z - a ring of see invisible (right hand)
   (You found it on level 5 of the Dungeon)
 B - an uncursed ring of magical power {unknown}
   (You found it on level 11 of the Dungeon)
 F - an uncursed ring of protection from fire {unknown}
   (You found it on level 11 of the Dungeon)
 I - a +3 amulet of reflection (around neck)
   (You found it on level 6 of the Dungeon)
Wands
 c - a wand of disintegration (13)
   (You found it on level 9 of the Dungeon)
 d - a wand of iceblast (4)
   (You found it on level 9 of the Dungeon)
 t - a wand of flame (29)
   (You took it off Psyche on level 9 of the Dungeon)
 u - a wand of paralysis (12)
   (You found it on level 10 of the Dungeon)
 x - a wand of acid (4)
   (You found it on level 11 of the Dungeon)
Scrolls
 g - 10 scrolls of teleportation {@r4}
 h - 3 scrolls of magic mapping
 i - 2 scrolls of fog {unknown}
 l - 6 scrolls of remove curse {@r2}
 n - a scroll of immolation {unknown}
 p - 5 scrolls of amnesia {unknown}
 r - 3 scrolls of blinking {unknown}
 v - a scroll of noise {unknown}
 C - 3 scrolls of fear {unknown}
 G - 3 scrolls of enchant weapon
 H - 4 scrolls of enchant armour {unknown}
 J - a scroll of random uselessness {unknown}
 P - a scroll of identify {@r1}
Potions
 f - 3 potions of might
 j - a potion of stabbing {unknown}
 m - 8 potions of curing {@q1}
 o - a potion of invisibility
 q - 5 potions of haste {@q3}
 w - a potion of ambrosia {unknown}
 A - a potion of mutation {unknown}
 D - 2 potions of heal wounds {@q2}
 M - 3 potions of degeneration {!q}
 N - 2 potions of berserk rage {unknown}
 O - a potion of resistance {unknown}
Comestibles
 e - 16 rations {!d}


   Skills:
 - Level 3.6 Fighting
 - Level 14.0 Maces & Flails
 - Level 3.6 Armour
 + Level 14.1 Shields


You had 11 spell levels left.
You didn't know any spells.
Your spell library contained the following spells:

 Spells                   Type           Power        Failure   Level  Hunger
 Animate Skeleton         Necr           N/A          100%        1    ##.....
 Freeze                   Ice            #...         100%        1    ##.....
 Pain                     Necr           #...         100%        1    ##.....
 Confusing Touch          Hex            #.......     100%        3    ####...
 Frozen Ramparts          Ice            #.....       100%        3    ####...
 Gell's Gravitas          Tloc           #.........   100%        3    ####...
 Ozocubu's Armour         Chrm/Ice       #.......     100%        3    ####...
 Vampiric Draining        Necr           #.........   100%        3    ####...
 Animate Dead             Necr           N/A          100%        4    #####..
 Cause Fear               Hex            #.........   100%        4    #####..
 Hailstorm                Conj/Ice       #.......     100%        4    #####..
 Petrify                  Tmut/Erth      #.......     100%        4    #####..
 Summon Ice Beast         Ice/Summ       #.......     100%        4    #####..
 Agony                    Necr           #.......     100%        5    ######.
 Metabolic Englaciation   Hex/Ice        #.........   100%        5    ######.
 Silence                  Hex/Air        #.........   100%        5    ######.
 Yara's Violent Unravell  Hex/Tmut       #.........   100%        5    ######.
 Deflect Missiles         Chrm/Air       #.........   100%        6    #######
 Discord                  Hex            #.........   100%        8    #######


Dungeon Overview and Level Annotations

Branches:
Dungeon (11/15)            Temple (1/1) D:7            Lair (0/6) D:8
    Orc (0/2) D:11        Ossuary (visited)

Altars:
Ashenzari
Cheibriados
Dithmenos
Elyvilon
Fedhas
Gozag
Hepliaklqana
Kikubaaqudgha
Makhleb
Nemelex Xobeh
Okawaru
Qazlal
Ru
Sif Muna
Trog
Uskayaw
Vehumet
Wu Jian
Xom
Yredelemnul
Zin
The Shining One

Shops:
D:5 :!![?   D:8 *


Innate Abilities, Weirdness & Mutations

You are resistant to torment.
Your stone body is resilient. (AC +8)
You are immune to poison.
You resist negative energy. (rN+)
You are resistant to electric shocks. (rElec)
You can survive without breathing.
You are immune to petrification.
You are immune to rotting.


Message History

You now have 2770 gold pieces (gained 13).
You open the door.
There is an open door here.
You open the door.
There is an open door here.
Found a stone staircase leading down.
Found a copper wand.
x - a wand of acid (4);
Q - a +7 flail of holy wrath (weapon)
There is a stone staircase leading down here.
You open the door.
There is an open door here.
A jelly comes into view.
The jelly quivers.
A jelly is nearby!
A jelly is nearby!
A tengu conjurer comes into view. It is carrying a wand of acid (7).
You block the jelly's attack.
The tengu conjurer zaps a wand.
The bolt of acid hits you. The acid corrodes you!
You are splashed with acid!
You sock the jelly! The acid corrodes you!
Your hands burn!
You block the jelly's attack.
You hit the jelly.
Your hands burn!
You block the jelly's attack.
You thump the jelly!
You kill the jelly!
The tengu conjurer zaps a wand.
The bolt of acid hits you!
You are splashed with acid!
* * * LOW HITPOINT WARNING * * *
The tengu conjurer zaps a wand.
The bolt of acid hits you but does no damage.
The acid corrodes you!
You are splashed with acid!
* * * LOW HITPOINT WARNING * * *
Unknown command.
You sock the tengu conjurer! You block the tengu conjurer's attack.
The tengu conjurer pecks you but does no damage.
You block the tengu conjurer's attack.
You closely miss the tengu conjurer.
You block the tengu conjurer's attack. x2
The tengu conjurer closely misses you.
Unknown command.
You thump the tengu conjurer!
Unknown command.
You miss the tengu conjurer. You block the tengu conjurer's attack.
The tengu conjurer barely misses you. x2
Unknown command.
You closely miss the tengu conjurer.
The tengu conjurer zaps a wand.
The bolt of acid hits you!
* * * LOW HITPOINT WARNING * * *
The acid corrodes you!
You are splashed with acid!
You die...
Your body crumbles into a pile of gold.

....................#
####'###
..............##.....#
#.#
..............##.....#
##.# #..........#
##..# ##..........#
#..## ............#
###.#####
............#
#.......#
#...Q.....####.......#
#....@....#..>.......#
+.........'.##.......#
#....$....####.......#
#.........# #.......#
########### #########


You could see a tengu conjurer.

Vanquished Creatures
  Harold (D:8)
  5 two-headed ogres
  A flayed ghost (D:9)
  An ugly thing (D:11)
  Psyche (D:9)
  A slime creature (D:11)
  A troll (D:10)
  3 hippogriffs
  A hornet (D:11)
  3 shadows (D:9)
  A wyvern (D:10)
  2 wraiths (D:9)
  10 fire bats (D:9)
  A hungry ghost (D:9)
  Menkaure (D:5)
  4 wargs
  A water moccasin (D:10)
  7 orc warriors
  3 phantoms
  2 ice beasts
  A sky beast (D:5)
  6 ogres
  2 eyes of draining (D:11)
  2 big kobolds
  An elf zombie (Ossuary)
  6 bullfrogs
  2 scorpions (D:4)
  6 killer bees (D:10)
  2 howler monkeys (D:5)
  7 centaur zombies
  A bullfrog zombie (D:4)
  4 crimson imps
  6 hounds
  9 jellies
  13 orc priests
  10 orc wizards
  A quasit (D:11)
  Crazy Yiuf (D:2)
  2 bullfrog skeletons
  A centaur skeleton (D:4)
  Terence (D:2)
  3 iguanas
  7 worker ants
  A killer bee zombie (D:6)
  3 big kobold zombies (Ossuary)
  A hound skeleton (D:4)
  2 mummies (Ossuary)
  7 worker ant zombies
  Robin (D:2)
  11 adders
  4 shadow imps
  5 oozes (D:11)
  7 adder zombies
  An adder skeleton (D:6)
  2 worms (D:4)
  5 dart slugs
  8 leopard geckos
  60 orcs
  7 giant cockroaches
  12 goblins
  10 hobgoblins
  16 jackals
  2 ball pythons
  82 bats
  3 frilled lizards
  2 giant cockroach zombies (D:4)
  10 hobgoblin zombies (Ossuary)
  2 jackal zombies
  14 kobolds
  13 kobold zombies (Ossuary)
  A leopard gecko zombie (D:4)
  5 orc zombies (Ossuary)
  A quokka zombie (D:5)
  13 rats
  A rat zombie (Ossuary)
456 creatures vanquished.

Notes
Turn   | Place    | Note
-------+----------+-------------------------------------------
     0 | D:1      | MrTaco21 the Gargoyle Fighter began the quest for the Orb.
     0 | D:1      | Reached XP level 1. HP: 14/14 MP: 1/1
   209 | D:1      | Reached XP level 2. HP: 19/19 MP: 2/2
   402 | D:1      | Reached XP level 3. HP: 13/23 MP: 3/3
   930 | D:2      | Noticed Robin
   944 | D:2      | Found a shadowy altar of Dithmenos.
   976 | D:2      | Killed Robin
  1002 | D:2      | Noticed Terence
  1102 | D:2      | Killed Terence
  1102 | D:2      | Reached XP level 4. HP: 23/28 MP: 4/4
  1200 | D:2      | Found a hazy altar of Hepliaklqana.
  1322 | D:2      | Found a runed translucent door.
  1323 | D:2      | Noticed Crazy Yiuf
  1511 | D:2      | Killed Crazy Yiuf
  1511 | D:2      | Reached skill level 5 in Maces & Flails
  1511 | D:2      | Reached XP level 5. HP: 14/32 MP: 5/5
  1947 | D:3      | Found a sacrificial altar of Ru.
  2229 | D:3      | Reached XP level 6. HP: 33/37 MP: 6/6
  2376 | D:3      | Found an opulent altar of Gozag.
  2419 | D:3      | Found a glowing drain.
  2560 | D:3      | Became a worshipper of Gozag Ym Sagoz the Greedy
  2814 | D:4      | Reached XP level 7. HP: 40/41 MP: 7/7
  2923 | D:4      | Found a snail-covered altar of Cheibriados.
  3119 | D:4      | Got a pitted dagger
  3208 | D:5      | Entered Level 5 of the Dungeon
  3264 | D:5      | Reached XP level 8. HP: 26/46 MP: 8/8
  3493 | D:5      | Found Piasyi's Magic Scroll Boutique.
  3497 | D:5      | Found Miusuiwn's Armour Shop.
  3667 | D:5      | Found Coulaoc's Distillery.
  3822 | D:5      | Found Qutrojio's Distillery.
  3830 | D:5      | Bought a potion of heal wounds for 55 gold pieces
  3854 | D:5      | Found an iron altar of Okawaru.
  3901 | D:5      | Found Rieseats's Book Shop.
  3958 | D:5      | Noticed a two-headed ogre
  3960 | D:5      | Noticed Menkaure
  4269 | D:5      | Identified the cursed +0 scale mail "Atis" {rC+ rN+ Int+2
                  | Dex-5}
  4277 | D:5      | Reached skill level 10 in Maces & Flails
  4439 | D:5      | HP: 1/46 [two-headed ogre/+0 giant spiked club (9)]
  4994 | D:5      | Killed Menkaure
  5082 | D:5      | Bought a scroll of magic mapping for 38 gold pieces
  5082 | D:5      | Bought a scroll of identify for 22 gold pieces
  5082 | D:5      | Bought a scroll of remove curse for 33 gold pieces
  5082 | D:5      | Bought a scroll of enchant weapon for 82 gold pieces
  5082 | D:5      | Bought a scroll of identify for 22 gold pieces
  5082 | D:5      | Bought a scroll of teleportation for 33 gold pieces
  5197 | D:6      | Reached XP level 9. HP: 33/51 MP: 9/9
  5971 | D:7      | Found a glowing golden altar of the Shining One.
  6112 | D:7      | Found a sand-covered staircase.
  6122 | Ossuary  | Entered an ossuary
  6566 | D:7      | Found a staircase to the Ecumenical Temple.
  6865 | Temple   | Entered the Ecumenical Temple
  7411 | D:8      | Noticed Harold
  7425 | D:8      | Killed Harold
  7425 | D:8      | Reached XP level 10. HP: 39/56 MP: 10/10
  8149 | D:8      | Found a staircase to the Lair.
  8280 | D:8      | Found Emoh's Assorted Antiques.
  8338 | D:9      | Reached skill level 5 in Shields
  8435 | D:9      | Found a runed translucent door.
  8439 | D:9      | Found a radiant altar of Vehumet.
  8443 | D:9      | Noticed a flayed ghost
  8469 | D:9      | Found a burning altar of Makhleb.
  8502 | D:9      | Found a shimmering altar of Xom.
  8695 | D:9      | Found a stormy altar of Qazlal.
  8721 | D:9      | Found a shattered altar of Ashenzari.
  8751 | D:9      | Reached XP level 11. HP: 60/60 MP: 11/11
  8872 | D:9      | Found a shadowy altar of Dithmenos.
  9087 | D:9      | Noticed Psyche
  9096 | D:9      | Killed Psyche
  9123 | D:9      | Noticed a two-headed ogre
  9138 | D:9      | Killed a two-headed ogre
  9138 | D:9      | Reached skill level 10 in Shields
  9296 | D:9      | Noticed a two-headed ogre
  9305 | D:9      | Killed a two-headed ogre
  9407 | D:9      | Noticed a two-headed ogre
  9412 | D:9      | Killed a two-headed ogre
  9562 | D:9      | Killed a flayed ghost
  9589 | D:9      | Got a scorched platinum ring
  9614 | D:9      | Identified the cursed ring "Ynuh" {rElec rF+ rC- Str+3
                  | Dex-3} (You found it on level 9 of the Dungeon)
  9664 | D:10     | Entered Level 10 of the Dungeon
 10274 | D:10     | Noticed a two-headed ogre
 10458 | D:10     | Killed a two-headed ogre
 10757 | D:4      | Killed a two-headed ogre
 10757 | D:4      | Reached XP level 12. HP: 35/65 MP: 12/12
 11313 | D:11     | Found a staircase to the Orcish Mines.
 11501 | D:11     | HP: 2/65 [tengu conjurer/bolt of acid[a tengu warrior]
                  | (10)]
 11501 | D:11     | Splashed by a tengu conjurer's acid

Levels and vault maps discovered:
D:1:      wheals_arrival_linesprint, layout_basic
D:2:      layout_loops_ring, marbit_many_paths,
          grunt_dithmenos_smoke_and_mirrors, uniq_robin,
          uniq_crazy_yiuf_cottage, uniq_terence
D:3:      layout_loops_ring, lemuel_round_altar, portal_sewer_entry_d,
          nicolae_ru_awakened_eye
D:4:      layout_gridville, lemuel_crystal_altar, first_ration, serial_undead,
          serial_undead_a, serial_undead_f, serial_undead_e, serial_undead_f
D:5:      layout_cave_pods, serial_shops, nicolae_shop_crystal, shop, shop,
          shop, shop, basic_altar, minmay_crossroads, uniq_menkaure
D:6:      layout_loops_cross, hangedman_decor_opposing
D:7:      layout_basic, lemuel_doored_altar, temple_green, enter_ossuary_1
D:8:      layout_basic, erik_lair_orcish_takeover, serial_shops,
          kennysheep_mini_moat, uniq_harold
D:9:      due_megacathedral, layout_basic, uniq_psyche
D:10:     layout_roguey, serial_co_window_serial, co_window_corner_a,
          co_window_of_opportunity_a, co_window_corner_a, co_window_corner_a,
          co_window_paths_a, co_window_paths_b, co_window_paths_b,
          co_window_unsneaky_path_d, co_window_broadway_a,
          co_window_unsneaky_path_a, co_window_broadway_c, co_window_broadway_a,
          co_window_broadway_b
D:11:     layout_roguey, erik_orc_4, hangedman_little_slice_of_home,
          grunt_ministairs_8
Temple:   eino_narrow_crystal_temple

Skill      XL: |  1  2  3  4  5  6  7  8  9 10 11 12 |
---------------+-------------------------------------+-----
Maces & Flails | 3 4 5 6 7 9 11 13 14 | 14.0
Shields        | 8 13 14 | 14.1
Fighting       | |  3.6
Armour         | |  3.6

Action                   |  1- 3 |  4- 6 |  7- 9 | 10-12 || total
-------------------------+-------+-------+-------+-------++-------
Melee: Flail             |   143 |   121 |   324 |   594 ||  1182
  Use: Scroll            |       |     2 |     3 |     8 ||    13
 Stab: Distracted        |       |       |     2 |     2 ||     4
  Eat: Chunk             |     1 |     5 |       |       ||     6
       Ration            |       |       |     5 |     4 ||     9
Armor: Scale mail        |    73 |       |       |       ||    73
       Chain mail        |       |    87 |   143 |   215 ||   445
       Plate armour      |       |       |       |    81 ||    81
Dodge: Dodged            |    43 |    23 |    56 |   128 ||   250
Block: Kite shield       |    80 |    67 |   115 |   465 ||   727
       Reflection        |       |       |     2 |     1 ||     3

Table legend:
 A = Non-vault XP
 B = Vault XP
 C = Vault XP percentage of total XP
 D = Non-vault monster count
 E = Vault monster count
 F = Vault count percentage of total count
                 A         B        C        D         E       F
            +---------+---------+-------+---------+---------+-------
      Total |   15834 |    5728 |  26.6 |     339 |     117 |  25.7
            +---------+---------+-------+---------+---------+-------
        D:1 |      44 |       0 |   0.0 |      25 |       0 |   0.0
        D:2 |      29 |     106 |  78.5 |       9 |      10 |  52.6
        D:3 |     213 |      13 |   5.8 |      37 |       1 |   2.6
        D:4 |    1267 |     242 |  16.0 |      17 |      16 |  48.5
        D:5 |     778 |     169 |  17.8 |      23 |       1 |   4.2
        D:6 |     683 |       0 |   0.0 |      17 |       0 |   0.0
        D:7 |    1234 |     587 |  32.2 |      28 |       7 |  20.0
        D:8 |     748 |    1067 |  58.8 |      16 |       2 |  11.1
        D:9 |    6032 |    2200 |  26.7 |     111 |       7 |   5.9
       D:10 |    3205 |       0 |   0.0 |      42 |       0 |   0.0
       D:11 |    1601 |    1046 |  39.5 |      14 |      34 |  70.8
    Ossuary |       0 |     298 | 100.0 |       0 |      39 | 100.0
            +---------+---------+-------+---------+---------+-------
